 Dungeon Crawl Stone Soup version v3.01-hellcrawl-74-g7a863a7 (webtiles) character file.

7908 severenz the Nimble (level 12, -5/81 HPs)
             Began as an Octopode Fighter on Apr 16, 2017.
             Was a High Priest of Cheibriados.
             Slain by a ghoul (19 damage)
             ... on level 13 of the Dungeon.
             The game lasted 00:38:06 (9652 turns).

severenz the Nimble (Octopode Fighter)              Turns: 9652, Time: 00:38:07

Health: -5/81      AC:  7 (0%)Str: 29   XL:     12   Next: 97%
Magic:  18/18      EV: 23    Int: 23    God:    Cheibriados [*****.]
Gold:   921        SH: 14    Dex: 23    Spells: 13/15 levels left

rFire    . . .     SeeInvis .     - Unarmed
rCold    . . .     Faith    .   a - +0 shield
rNeg     . . .     Spirit   .   (helmet restricted)
rPois    .         Reflect  .   n - amulet of regeneration
rElec    .                      h - +6 ring of protection
rCorr    .                      o - ring of protection from magic
MR       +....                  (no ring)
Stlth    +++++.....             (no ring)
Regen    0.7/turn               (no ring)
MPRegen  0.3/turn               (no ring)
                                (no ring)
                                (no ring)

@: repel missiles, very slow
A: almost no armour, stealthy swim, amphibious, 8 rings, constrict 8,
camouflage, gelatinous body 1
a: Bend Time, Temporal Distortion, Slouch, Step From Time, Renounce Religion


You were on level 13 of the Dungeon.
You worshipped Cheibriados.
Cheibriados was extremely pleased with you.
You were not hungry.

You visited 1 branch of the dungeon, and saw 13 of its levels.

You collected 921 gold pieces.

Inventory:

Missiles
 d - 3152 stones (quivered)
 e - 684 sling bullets
 f - 890 bolts
 j - 1472 arrows
 s - 7 frenzy darts
 x - 121 tomahawks
 B - 16 curare darts
Armour
 a - a +0 shield (worn)
Jewellery
 h - a +6 ring of protection (left tentacle)
 n - an amulet of regeneration (around mantle)
 o - a ring of protection from magic (right tentacle)
Wands
 q - a wand of paralysis (5)
 w - a wand of iceblast (3)
 y - a wand of disintegration (18)
Scrolls
 g - a scroll of fear
 i - 3 scrolls of enchant armour
 m - a scroll of immolation
 p - 3 scrolls of fog
 r - a scroll of enchant weapon
 z - a scroll of magic mapping
 A - a scroll of holy word
 C - 3 scrolls of amnesia
 D - 2 scrolls of teleportation
Potions
 b - 3 potions of might
 c - 2 potions of brilliance
 k - a potion of agility
 l - a potion of resistance
 t - 2 potions of flight
 u - a potion of curing
 v - 2 potions of lignification
 E - a potion of cancellation
 F - a potion of magic


   Skills:
 - Level 7.3 Fighting
 + Level 11.2 Dodging
 + Level 11.2 Shields
 + Level 10.6 Unarmed Combat
 - Level 2.1 Spellcasting
 - Level 1.6 Charms
 - Level 1.4 Air Magic
 + Level 8.2 Invocations


You had 13 spell levels left.
You knew the following spells:

 Your Spells              Type           Power        Failure   Level  Hunger
a - Repel Missiles        Chrm/Air       9 (50)       17%         2    ##.....


Dungeon Overview and Level Annotations

Branches:
Dungeon (13/15)

Altars:
Cheibriados
Dithmenos
Elyvilon
Gozag
Hepliaklqana
Kikubaaqudgha
Makhleb
Nemelex Xobeh
Okawaru
Qazlal
Ru
Sif Muna
Trog
Uskayaw
Vehumet
Xom
Yredelemnul
Zin
The Shining One

Annotations:
D:3 Natasha
D:6 Grinder
D:11 4 runed doors


Innate Abilities, Weirdness & Mutations

You cannot wear most types of armour.
You are very stealthy in the water.
You are amphibious.
You can wear up to eight rings at the same time.
You can use your tentacles to constrict eight enemies at once.
Your skin blends seamlessly with your surroundings (Stealth+++).
Your rubbery body absorbs attacks. (AC +1, EV +1)


Message History

You destroy the shadow!
Cheibriados appreciates the change of pace.
There is an open door here.
You closely miss the ghoul. Your grab misses the ghoul.
You tentacle-slap the ghoul (9)! You squeeze the ghoul (19)!!
The ghoul is lightly damaged.
You block the ghoul's attack. The ghoul claws you (2).
You bludgeon the ghoul (10)! You grab the ghoul (0). You squeeze the ghoul (2).
The ghoul is moderately damaged.
You constrict the ghoul (2). The ghoul claws you (15)!
The ghoul claws you (28)!!
You tentacle-slap the ghoul (3).
The ghoul is moderately damaged.
You constrict the ghoul (5). You bludgeon the ghoul (9)!
You squeeze the ghoul (21)!!
The ghoul is heavily damaged.
You constrict the ghoul (4). The ghoul claws you (24)!!
* * * LOW HITPOINT WARNING * * *
The ghoul claws you (19)!!
You die...

##.#.### #########
#......# #..8....#
#P..8#.# #.......#
####....#.#### #.8.....#
###...8.8.......
#P......###.....>.........
#.......##..#..........[..
#......##.##.............
..P.....n@.###########)###
........#### #...#
.P.##+### #.### Z. #.# .
######'#### #.......>.#
+.........# #.........##
#.........'.


You could see a ghoul.

Vanquished Creatures
  A hydra (D:11)
  A centaur warrior (D:9)
  2 two-headed ogres
  A tengu warrior (D:13)
  5 death yaks (D:10)
  A skeletal warrior (D:13)
  An unseen horror (D:12)
  An orc knight (D:13)
  A deep elf mage (D:11)
  An ugly thing (D:11)
  A cyclops (D:13)
  2 manticores (D:13)
  A gargoyle (D:13)
  A spiny frog (D:10)
  2 rime drakes
  4 trolls
  2 shadows
  A water elemental (D:12)
  Sigmund (D:6)
  A vampire (D:11)
  Eustachio (D:6)
  2 wyverns (D:10)
  2 wraiths
  Grum (D:9)
  An angry ghost (D:8)
  A steam dragon (D:10)
  Menkaure (D:7)
  An acid dragon (D:11)
  A water moccasin (D:5)
  3 spiny frog zombies
  A wasp (D:11)
  2 black bears
  4 ice beasts
  10 orc warriors
  A spiny frog skeleton (D:8)
  10 centaurs
  5 ogres
  A blink frog zombie (D:9)
  4 wolves (D:9)
  A blink frog skeleton (D:11)
  A rime drake zombie (D:9)
  2 bullfrogs
  Blork the orc (D:4)
  A scorpion (D:4)
  2 wyvern skeletons
  A crimson imp (D:7)
  10 killer bees
  5 wights (D:8)
  3 howler monkeys
  9 electric eels
  9 centaur zombies
  A quasit (D:9)
  A wasp zombie (D:10)
  2 hounds (D:7)
  9 orc wizards
  8 orc priests
  2 jellies
  A bullfrog skeleton (D:6)
  2 centaur skeletons
  Natasha (D:3)
  2 iguanas
  2 killer bee zombies
  A hound zombie (D:5)
  A mummy (D:5)
  Robin (D:3)
  5 adders
  2 shadow imps (D:6)
  An ooze (D:6)
  52 orcs
  8 quokkas
  9 bats
  4 giant cockroaches
  18 goblins
  10 hobgoblins
  4 jackals (D:3)
  A ball python (D:5)
  3 frilled lizards
  A hobgoblin zombie (D:5)
  7 kobolds
  3 orc zombies (D:5)
  8 rats
  A spectral orc (D:6)
299 creatures vanquished.

Notes
Turn   | Place    | Note
-------+----------+-------------------------------------------
     0 | D:1      | severenz the Octopode Fighter began the quest for the Orb.
     0 | D:1      | Reached XP level 1. HP: 16/16 MP: 1/1
    76 | D:1      | Reached XP level 2. HP: 11/21 MP: 2/2
   619 | D:2      | Reached XP level 3. HP: 26/26 MP: 3/3
   763 | D:2      | Found an iron altar of Okawaru.
   781 | D:2      | Found a sparkling altar of Nemelex Xobeh.
   782 | D:2      | Found a sacrificial altar of Ru.
   782 | D:2      | Found a shadowy altar of Dithmenos.
   782 | D:2      | Found a hide-covered altar of Uskayaw.
   910 | D:2      | Reached XP level 4. HP: 31/31 MP: 4/4
  1097 | D:3      | Noticed an ogre
  1105 | D:3      | Killed an ogre
  1105 | D:3      | Reached skill level 5 in Unarmed Combat
  1105 | D:3      | Reached XP level 5. HP: 36/36 MP: 5/5
  1184 | D:3      | Noticed Robin
  1187 | D:3      | Found a white marble altar of Elyvilon.
  1200 | D:3      | Killed Robin
  1200 | D:3      | Reached XP level 6. HP: 40/42 MP: 6/6
  1389 | D:3      | Noticed Natasha
  1405 | D:3      | Killed Natasha
  1713 | D:3      | Noticed Natasha
  2017 | D:4      | Found a deep blue altar of Sif Muna.
  2332 | D:4      | Reached XP level 7. HP: 46/46 MP: 7/7
  2532 | D:4      | Noticed Blork the orc
  2539 | D:4      | Killed Blork the orc
  2574 | D:4      | Found a stormy altar of Qazlal.
  2690 | D:5      | Entered Level 5 of the Dungeon
  2871 | D:5      | Found an ancient bone altar of Kikubaaqudgha.
  2919 | D:5      | Found a snail-covered altar of Cheibriados.
  2924 | D:5      | Became a worshipper of Cheibriados the Contemplative
  3223 | D:5      | Reached XP level 8. HP: 52/52 MP: 8/8
  3653 | D:6      | Found a burning altar of Makhleb.
  3707 | D:6      | Reached skill level 5 in Shields
  3766 | D:6      | Found a glowing silver altar of Zin.
  3769 | D:6      | Noticed an angel
  3793 | D:6      | Reached skill level 5 in Dodging
  3803 | D:6      | Noticed Grinder
  3804 | D:6      | Found a shimmering altar of Xom.
  3901 | D:6      | Found a radiant altar of Vehumet.
  3910 | D:6      | Reached * piety under Cheibriados
  3935 | D:6      | Noticed Sigmund
  3937 | D:6      | Noticed Eustachio
  3955 | D:6      | Killed Eustachio
  3959 | D:6      | Killed Sigmund
  3981 | D:6      | Found a basalt altar of Yredelemnul.
  4142 | D:7      | Reached XP level 9. HP: 55/56 MP: 9/9
  4161 | D:7      | Found an opulent altar of Gozag.
  4447 | D:7      | Noticed Menkaure
  4455 | D:7      | Killed Menkaure
  4468 | D:7      | Found a hazy altar of Hepliaklqana.
  4667 | D:7      | Found a bloodstained altar of Trog.
  4729 | D:7      | Reached ** piety under Cheibriados
  4791 | D:7      | Found a glowing golden altar of the Shining One.
  5059 | D:8      | Noticed a two-headed ogre
  5067 | D:8      | Killed a two-headed ogre
  5097 | D:8      | Reached XP level 10. HP: 53/63 MP: 10/10
  5964 | D:9      | Noticed Grum
  5974 | D:9      | Killed Grum
  5978 | D:9      | Reached skill level 10 in Unarmed Combat
  6043 | D:9      | Reached skill level 1 in Invocations
  6060 | D:9      | Reached *** piety under Cheibriados
  6148 | D:9      | Learned a level 2 spell: Repel Missiles
  6224 | D:9      | Noticed a centaur warrior
  6240 | D:9      | Killed a centaur warrior
  6240 | D:9      | Reached skill level 1 in Spellcasting
  6240 | D:9      | Reached skill level 1 in Charms
  6240 | D:9      | Reached skill level 1 in Air Magic
  6481 | D:9      | Reached **** piety under Cheibriados
  6728 | D:10     | Entered Level 10 of the Dungeon
  6790 | D:10     | Reached XP level 11. HP: 64/67 MP: 12/14
  6856 | D:10     | Noticed a death yak
  6856 | D:10     | Noticed a death yak
  6856 | D:10     | Noticed a death yak
  6856 | D:10     | Noticed a death yak
  7144 | D:10     | Found a basalt altar of Yredelemnul.
  7148 | D:10     | Noticed a death yak
  7159 | D:10     | Killed a death yak
  7172 | D:10     | Killed a death yak
  7177 | D:10     | Killed a death yak
  7183 | D:10     | Killed a death yak
  7183 | D:10     | Reached skill level 5 in Invocations
  7186 | D:10     | Killed a death yak
  7384 | D:10     | Reached skill level 5 in Fighting
  7430 | D:10     | Reached ***** piety under Cheibriados
  7430 | D:10     | Reached skill level 10 in Dodging
  7430 | D:10     | Reached skill level 10 in Shields
  7581 | D:11     | Noticed a two-headed ogre
  7582 | D:11     | Noticed a red ugly thing
  7583 | D:11     | Found a huge runed gate.
  7585 | D:11     | Found a huge runed gate.
  7585 | D:11     | Found a huge runed gate.
  7586 | D:11     | Found a huge runed gate.
  7593 | D:11     | Killed a two-headed ogre
  7614 | D:11     | Killed a red ugly thing
  7614 | D:11     | Reached XP level 12. HP: 77/77 MP: 16/16
  7640 | D:11     | Noticed a seven-headed hydra
  7646 | D:11     | Killed a seven-headed hydra
  9232 | D:13     | Noticed a tengu warrior
  9241 | D:13     | Killed a tengu warrior
  9643 | D:13     | Noticed a ghoul
  9652 | D:13     | Slain by a ghoul

Skill      XL: |  1  2  3  4  5  6  7  8  9 10 11 12 |
---------------+-------------------------------------+-----
Unarmed Combat | 3 4 5 6 7 8 9 10 | 10.6
Shields        | 4 6 7 9 10 11 | 11.2
Dodging        | 4 6 7 9 10 11 | 11.2
Invocations    | 3 6 8 |  8.2
Spellcasting   | 2 |  2.1
Charms         | 1 |  1.6
Air Magic      | 1 |  1.4
Fighting       | 5 7 |  7.3

Action                   |  1- 3 |  4- 6 |  7- 9 | 10-12 || total
-------------------------+-------+-------+-------+-------++-------
Melee: Unarmed           |    92 |   117 |   186 |   474 ||   869
       Constrict         |    24 |    38 |    32 |    56 ||   150
       Tentacles         |     8 |    20 |    49 |   204 ||   281
       Punch             |     2 |     6 |    14 |    74 ||    96
Throw: Stone             |       |     2 |     7 |     5 ||    14
       Curare dart       |       |       |       |     1 ||     1
 Cast: Repel Missiles    |       |       |       |     2 ||     2
Invok: Slouch            |       |       |       |     3 ||     3
Evoke: Wand              |       |     2 |       |       ||     2
  Use: Potion            |       |       |     2 |     5 ||     7
 Stab: Sleeping          |    15 |    13 |    20 |    18 ||    66
       Distracted        |       |     1 |       |     1 ||     2
Armor: Skin              |    13 |    27 |    28 |    33 ||   101
Dodge: Dodged            |    32 |    30 |    64 |   236 ||   362
       Deflected         |       |       |       |     5 ||     5
Block: Shield            |    24 |    29 |    86 |   245 ||   384
